 Dungeon Crawl Stone Soup version 0.31-a0-986-g5e6e4ef867 (webtiles) character file.

Game seed: 8069346098453149191

590 LeprechaunX the Changeling (level 7, -16/46 HPs)
             Began as an Octopode Shapeshifter on Nov 7, 2023.
             Demolished by Edmund
             ... wielding a +1 heavy dire flail
              (18 damage)
             ... on level 5 of the Dungeon.
             The game lasted 00:03:46 (2248 turns).

LeprechaunX the Changeling (Octopode Shapeshifter)  Turns: 2248, Time: 00:03:46

Health: -16/46     AC:  1    Str: 13    XL:     7   Next: 38%
Magic:  7/7        EV: 13    Int: 12    God:
Gold:   145        SH:  0    Dex: 14    Spells: 6/6 levels left

rFire   . .          .
                       - Unarmed
rCold   . . .        (no shield)
rNeg    . . .        (helmet currently unavailable)
rPois   .            (no amulet)
rElec   .            (no ring)
rCorr   .            (no ring)
SInv    .            (no ring)
Will    .....        (no ring)
Stlth   ++           (no ring)
HPRegen 0.27/turn    (no ring)
MPRegen 0.10/turn    (no ring)
                     (no ring)

%: no passive effects
@: beast-form
A: beast (slay +3), almost no armour, amphibious, 8 rings, camouflage 1,
gelatinous body 1, (nimble swimmer 1), tentacles
a: Begin Untransformation


You were on level 5 of the Dungeon.
You were a hulking beast.
You visited 1 branch of the dungeon, and saw 5 of its levels.

You collected 145 gold pieces.

Inventory:

Hand Weapons
 a - a +0 sling
Missiles
 k - 3 curare-tipped darts (quivered)
 l - 2 boomerangs
 q - 5 poisoned darts
Talismans
 b - a beast talisman
 c - a flux talisman
Wands
 j - a wand of paralysis (23)
Scrolls
 f - a scroll of enchant armour {unknown}
 h - 6 scrolls of teleportation {unknown}
 i - 2 scrolls of identify {unknown}
 m - a scroll of vulnerability {unknown}
 n - a scroll of torment {unknown}
 o - a scroll of brand weapon {unknown}
 r - 3 scrolls of fog {unknown}
 s - a scroll of poison {unknown}
Potions
 d - a potion of enlightenment {unknown}
 e - 3 potions of heal wounds {unknown}
 g - a potion of berserk rage {unknown}
 p - a potion of lignification


   Skills:
 + Level 3.4 Fighting
 + Level 2.7 Throwing
 - Level 2.0 Dodging
 + Level 4.4 Unarmed Combat
 + Level 1.6 Evocations
 * Level 5.3 Shapeshifting


You had 6 spell levels left.
You didn't know any spells.
Your spell library contained the following spells:

 Spells                   Type           Power      Damage    Failure   Level
 Malign Gateway           Summ/Tloc      0%         N/A       100%        7
 Summon Horrible Things   Summ           0%         N/A       100%        8


Dungeon Overview and Level Annotations

Branches:
Dungeon (6/15)
 Temple: D:4-7

Altars:

Shops:
D:5 !**

Annotations:
D:5 Edmund


Innate Abilities, Weirdness & Mutations

You are a hulking beast.
Your limbs bulge with bestial killing power. (Slay +3)
You cannot wear most types of armour.
You are amphibious.
You can wear up to eight rings at the same time.
Your skin changes colour to match your surroundings (Stealth+).
Your rubbery body absorbs attacks. (AC +1, EV +1)
((You are camouflaged when in or above water. (Stealth+)))
You have tentacles for arms and can constrict up to eight enemies at once.


Message History

Found Aholiloc's Assorted Antiques.
Found a scroll labelled SOCKAQ PIAMN.
k - 3 curare-tipped darts (gained 2)
Found Jeabiv's General Store.
Found a stone staircase leading down.
Found a dagger.
Found a stone staircase leading up.
There is an entrance to Aholiloc's Assorted Antiques here.
h - 6 scrolls labelled SOCKAQ PIAMN (gained 1)
There is an entrance to Aholiloc's Assorted Antiques here.
Found 26 gold pieces.
Found 2 bubbling clear potions.
You open the door.
Found 2 gold pieces.
There is an open door here.
You now have 143 gold pieces (gained 13).
You hear the slow hiss of a distant avalanche of sand.
You now have 145 gold pieces (gained 2).
Found 13 gold pieces.
You open the door.
There is an open door here.
There is an open door here.
As you open the door, it creaks loudly!
Edmund the Younger comes into view.
He is wielding a +1 heavy dire flail.
There is an open door here.
Edmund hits you with a +1 heavy dire flail!!
Ouch! That really hurt!
You bludgeon Edmund! You grab Edmund. You squeeze Edmund.
Edmund is moderately wounded.
You constrict Edmund, but do no damage. You barely miss Edmund.
You tentacle-slap Edmund.
Edmund is moderately wounded.
You constrict Edmund.
Edmund hits you with a +1 heavy dire flail!!
* * * LOW HITPOINT WARNING * * *
Okay, then.
You barely miss Edmund.
Edmund is heavily wounded.
You constrict Edmund.
Edmund hits you with a +1 heavy dire flail!!
You die...
Edmund says, "I'd like to see a scythe do that!"

### #.##########
#..........#
#.#....#####
#.#....'...#
#.#$...##### #.###'##
#.#.h.# #.#@#####
#.#. .. #######.#. .#
........+...+
#############.#...###
.....................
................#####
.#.......#....###


You could see Edmund.

Vanquished Creatures
  Prince Ribbit (D:5)
  Sigmund (D:3)
  A bullfrog (D:6)
  A jelly (D:6)
  Jessica (D:2)
  Ijyb (D:3)
  4 adders
  A white imp (D:6)
  A dart slug (D:3)
  5 endoplasms
  5 giant cockroaches
  5 goblins
  8 hobgoblins
  4 jackals (D:1)
  A quokka (D:2)
  6 ball pythons
  5 bats
  2 frilled lizards (D:1)
  5 kobolds
  3 rats
61 creatures vanquished.

Notes
Turn   | Place    | Note
-------+----------+-------------------------------------------
     0 | D:1      | LeprechaunX the Octopode Shapeshifter began the quest for
                  | the Orb.
     0 | D:1      | Reached XP level 1. HP: 13/13 MP: 1/1
   200 | D:1      | Reached XP level 2. HP: 18/18 MP: 2/2
   502 | D:1      | Reached XP level 3. HP: 21/23 MP: 3/3
   980 | D:2      | Noticed Jessica
   983 | D:2      | Killed Jessica
   984 | D:2      | Reached XP level 4. HP: 27/29 MP: 4/4
  1150 | D:2      | Reached skill level 1 in Throwing
  1289 | D:2      | Reached skill level 4 in Shapeshifting
  1549 | D:3      | Noticed Ijyb
  1552 | D:3      | Paralysed by Ijyb for 5 turns
  1564 | D:3      | Killed Ijyb
  1565 | D:3      | Reached XP level 5. HP: 30/34 MP: 5/5
  1770 | D:3      | Noticed Sigmund
  1783 | D:3      | Killed Sigmund
  1784 | D:3      | Reached XP level 6. HP: 30/41 MP: 6/6
  2036 | D:3      | You fall into a shaft and drop 3 floors!
  2152 | D:5      | Entered Level 5 of the Dungeon
  2152 | D:5      | Noticed Prince Ribbit
  2162 | D:5      | Killed Prince Ribbit
  2163 | D:5      | Reached skill level 1 in Evocations
  2163 | D:5      | Reached skill level 5 in Shapeshifting
  2163 | D:5      | Reached XP level 7. HP: 34/46 MP: 7/7
  2165 | D:5      | Found Kiqaun's Distillery.
  2167 | D:5      | Found Aholiloc's Assorted Antiques.
  2170 | D:5      | Found Jeabiv's General Store.
  2244 | D:5      | Noticed Edmund
  2247 | D:5      | HP: 2/46 [Edmund/+1 heavy dire flail (19)]
  2248 | D:5      | Demolished by Edmund

Illustrated notes

Levels and vault maps discovered:
D:1:      mainiacjoe_arrival_reflecting_pool, layout_basic
D:2:      layout_rooms, uniq_jessica
D:3:      layout_loops_ring, lemuel_crystal_altar, amethyst_killhole,
          kennysheep_generic_room_14, uniq_ijyb, uniq_sigmund
D:5:      layout_basic, minmay_temple_entry_wispy, serial_shops,
          nicolae_shop_tiny_statue_garden, lightli_ossuary_entry_decrepit_ruins,
          nicolae_shop_distant_corner_stores, uniq_prince_ribbit1, uniq_edmund
D:6:      layout_loops_cross

Skill      XL: |  1  2  3  4  5  6 |
---------------+-------------------+-----
Fighting       | 2 3 |  3.4
Throwing       | 1 2 |  2.7
Shapeshifting  | 4 5 |  5.3
Unarmed Combat | 4 |  4.4
Evocations     | 1 |  1.6
Dodging        | |  2.0

Action                     |  1- 3 |  4- 6 |  7- 9 || total
---------------------------+-------+-------+-------++-------
  Melee: Unarmed           |    49 |    68 |     3 ||   120
         Constrict         |    11 |    20 |     1 ||    32
         Tentacles         |     7 |    17 |     1 ||    25
         Punch             |       |     2 |     1 ||     3
  Throw: Dart              |       |     8 |       ||     8
         Boomerang         |       |     1 |       ||     1
   Stab: Sleeping          |     6 |     3 |       ||     9
 Armour: Skin              |    15 |    24 |     3 ||    42
  Dodge: Dodged            |    30 |    36 |       ||    66

Table legend: (Time is in decaauts)
 A = Elapsed time spent in this place.
 B = Non-inter-level travel time spent in this place.
 C = Inter-level travel time spent in this place.
 D = Time resting spent in this place.
 E = Time spent auto-exploring this place.
 F = Levels seen in this place.
 G = Mean time per level.
                   A        B        C        D        E       F      G
               +--------+--------+--------+--------+--------+-----+--------+
         Total |   2239 |   2111 |    128 |      6 |   1655 |   5 |  447.8 |
       Dungeon |   2239 |   2111 |    128 |      6 |   1655 |   5 |  447.8 |
               +--------+--------+--------+--------+--------+-----+--------+

Top non-repeatable levels by time:
     D:1: 956 daAuts
     D:2: 544 daAuts
     D:3: 527 daAuts
     D:6: 115 daAuts
     D:5: 94 daAuts
